 Dungeon Crawl Stone Soup version 0.29-a0-330-g52719c12eb (webtiles) character file.

Game seed: 14374823882512071859

54 rageheart7 the Conjurer (level 3, 0/16 HPs)
             Began as a Vine Stalker Conjurer on Apr 13, 2022.
             Slain by an adder (4 damage)
             ... on level 2 of the Dungeon.
             The game lasted 00:02:19 (1928 turns).

rageheart7 the Conjurer (Vine Stalker Conjurer)     Turns: 1928, Time: 00:02:19

Health: 0/16       AC:  2    Str:  9    XL:     3   Next: 91%
Magic:  0/8        EV: 11    Int: 20    God:
Gold:   61         SH:  3    Dex: 12    Spells: 5/8 levels left

rFire   . . .      SeeInvis .   (no weapon)
rCold   . . .      Faith    .   f - +0 buckler
rNeg    . . .      Spirit   +   a - +0 robe
rPois   .          Reflect  .   (no helmet)
rElec   .          Harm     .   (no cloak)
rCorr   .          Rampage  .   (no gloves)
Will    .....                   (no boots)
Stlth   ++........              (no amulet)
HPRegen 0.05/turn               (no ring)
MPRegen 0.11/turn               (no ring)

@: no status effects
A: fangs 2, magic shield, antimagic bite, no potion heal 2
a: no special abilities


You were on level 2 of the Dungeon.
You visited 1 branch of the dungeon, and saw 2 of its levels.

You collected 61 gold pieces.

Inventory:

Armour
 a - a +0 robe (worn)
 f - a +0 buckler (worn)
Jewellery
 d - an amulet of reflection
 i - an amulet of regeneration
 j - a +4 ring of evasion
Scrolls
 c - a scroll of enchant armour {unknown}
 g - a scroll of identify {unknown}
 h - 3 scrolls of teleportation {unknown}
Potions
 b - 2 potions of magic
 e - a potion of attraction {unknown}
 k - a potion of haste {unknown}
 l - 2 potions of curing {unknown}


   Skills:
 - Level 1.9 Dodging
 - Level 3.0 Stealth
 * Level 3.0 Spellcasting
 * Level 4.5 Conjurations


You had 5 spell levels left.
You knew the following spells:

 Your Spells              Type           Power      Damage    Failure   Level
a - Magic Dart            Conj           84%        1d7       3%          1
b - Searing Ray           Conj           42%        2d6       4%          2

Your spell library contained the following spells:

 Spells                   Type           Power      Damage    Failure   Level
 Dazzling Flash           Conj/Hex       24%        N/A       22%         3
 Fulminant Prism          Conj/Hex       6%         3d7       58%         4
 Iskenderun's Mystic Bla  Conj/Tloc      12%        2d5       58%         4
 Petrify                  Tmut/Erth      3%         N/A       88%         4
 Metabolic Englaciation   Hex/Ice        1%         N/A       99%         5
 Statue Form              Tmut/Erth      2%         N/A       100%        6


Dungeon Overview and Level Annotations

Branches:
Dungeon (2/15)

Altars:


Innate Abilities, Weirdness & Mutations

You have extremely sharp teeth.
When hurt, damage is shared between your health and your magic reserves.
Your bite disrupts and absorbs the magic of your enemies.
Potions cannot restore your health.


Message History

You don't have enough magic to cast this spell.
Casting: Searing Ray (safe; 4% risk of failure)
Confirm with . or Enter, or press ? or * to list all spells.
Aiming: Magic Dart (safe; 3% risk of failure)
Press: ? - help, Shift-Dir - straight line, f/p - adder
Aim: an adder (heavily wounded, 100% to hit)
The magic dart hits the adder.
You kill the adder!
The adder hisses angrily.
Your Spellcasting skill increases to level 3!
You hit the endoplasm.
The endoplasm is lightly wounded.
The endoplasm freezes you.
You are frozen.
The endoplasm attacks as you move away! The endoplasm barely misses you.
Casting: Magic Dart (safe; 3% risk of failure)
Confirm with . or Enter, or press ? or * to list all spells.
You don't have enough magic to cast this spell.
You closely miss the adder. The adder closely misses you.
The endoplasm misses you. You block the adder's attack.
There is an escape hatch in the floor here.
A rat comes into view.
Casting: Magic Dart (safe; 3% risk of failure)
Confirm with . or Enter, or press ? or * to list all spells.
Aiming: Magic Dart (safe; 3% risk of failure)
Press: ? - help, Shift-Dir - straight line, f - adder
Aim: an adder (100% to hit)
The magic dart hits the adder.
The adder is lightly wounded.
The adder closely misses you.
You hit the endoplasm.
The endoplasm is heavily wounded.
The adder bites you. The endoplasm barely misses you. The adder bites you.
You hit the endoplasm. You bite the endoplasm.
You kill the endoplasm!
The adder bites you.
* * * LOW HITPOINT WARNING * * *
The adder bites you.
You die...

..........#
...#.###.........#
.......†.........# ...
#.........# ....
#.........# .....
+......## ###
......##>..##########.#
#.r#...S.............#
........@........>###.#
###..###......###.# #.#
#. #......#...# #.# ...
#......#.### #.# #. ..
#......#.# #.# #
...##......#.#####.#
...................#
...#........########
............#


You could see an adder and a rat.

Vanquished Creatures
  2 adders (D:2)
  A dart slug (D:1)
  5 endoplasms
  2 giant cockroaches
  2 goblins (D:1)
  3 hobgoblins (D:1)
  3 jackals (D:1)
  2 quokkas (D:1)
  A ball python (D:1)
  2 bats (D:1)
  2 frilled lizards (D:1)
  2 kobolds (D:1)
  5 rats (D:1)
32 creatures vanquished.

Notes
Turn   | Place    | Note
-------+----------+-------------------------------------------
     0 | D:1      | rageheart7 the Vine Stalker Conjurer began the quest for
                  | the Orb.
     0 | D:1      | Reached XP level 1. HP: 9/9 MP: 4/4
   374 | D:1      | Reached XP level 2. HP: 13/13 MP: 3/6
   428 | D:1      | Learned a level 2 spell: Searing Ray
  1300 | D:1      | Reached XP level 3. HP: 16/16 MP: 3/7
  1491 | D:1      | Found a faded altar of an unknown god.
  1928 | D:2      | Slain by an adder

Illustrated notes

Levels and vault maps discovered:
D:1:      dpeg_arrival_line_fractal, layout_basic,
          shapermc_ecumenical_altar_venn
D:2:      layout_basic, basic_altar, chequers_serial_rivers_small_b,
          minmay_tromino_mix6

Skill      XL: |  1  2  3 |
---------------+----------+-----
Stealth        | 3 |  3.0
Spellcasting   | 3 |  3.0
Dodging        | |  1.9
Conjurations   | |  4.5

Action                   || total
-------------------------++-------
Melee: Unarmed           ||    32
       Bite              ||     7
       Punch             ||     1
 Cast: Magic Dart        ||    58
       Searing Ray       ||     2
 Stab: Sleeping          ||     1
Armor: Robe              ||     8
Dodge: Dodged            ||    19
Block: Buckler           ||     2

Table legend: (Time is in decaauts)
 A = Elapsed time spent in this place.
 B = Non-inter-level travel time spent in this place.
 C = Inter-level travel time spent in this place.
 D = Time resting spent in this place.
 E = Time spent auto-exploring this place.
 F = Levels seen in this place.
 G = Mean time per level.
                   A        B        C        D        E       F      G
               +--------+--------+--------+--------+--------+-----+--------+
         Total |   1928 |   1898 |     30 |      0 |   1715 |   2 |  964.0 |
       Dungeon |   1928 |   1898 |     30 |      0 |   1715 |   2 |  964.0 |
               +--------+--------+--------+--------+--------+-----+--------+

Top non-repeatable levels by time:
     D:1: 1835 daAuts
     D:2: 93 daAuts
